 Dungeon Crawl Stone Soup version 0.20.1-1-g8b1a95d (webtiles) character file.

159 Thyosulf the Digger (level 5, 0/36 HPs)
             Began as a Formicid Earth Elementalist on Dec 7, 2017.
             Slain by a dart slug (3 damage)
             ... on level 2 of the Dungeon on Dec 8, 2017.
             The game lasted 00:12:33 (1886 turns).

Thyosulf the Digger (Formicid Earth Elementalist)   Turns: 1886, Time: 00:12:34

Health: 0/36       AC:  6    Str: 13    XL:     5   Next: 68%
Magic:  9/9        EV: 11    Int: 15    God:
Gold:   68         SH:  0    Dex: 11    Spells: 7/10 levels left

rFire    . . .     SeeInvis +   n - +0 hand axe
rCold    . . .     Gourm    .   (no shield)
rNeg     . . .     Faith    .   o - +0 ring mail (curse)
rPois    .         Spirit   .   (helmet unavailable)
rElec    .         Reflect  .   (no cloak)
rCorr    .         Harm     .   (no gloves)
MR       .....                  k - +0 pair of boots
Stlth    +.........             (no amulet)
Regen    0.2/turn               (no ring)
MPRegen  0.2/turn               (no ring)

@: no status effects
A: permanent stasis, dig shafts and tunnels, four strong arms, antennae 3
a: Dig, Shaft Self


You were on level 2 of the Dungeon.
You were hungry.

You visited 1 branch of the dungeon, and saw 2 of its levels.

You collected 68 gold pieces.

Inventory:

Hand Weapons
 n - a +0 hand axe (weapon)
Missiles
 b - 15 stones (quivered)
Armour
 c - a +0 robe
 i - a +2 hat
 k - a +0 pair of boots (worn)
 o - a cursed +0 ring mail (worn)
Scrolls
 f - a scroll of random uselessness {unknown}
 g - a scroll of identify {unknown}
 h - a scroll of enchant weapon {unknown}
 j - 2 scrolls of remove curse {unknown}
 p - a scroll of magic mapping {unknown}
Potions
 l - 2 potions of invisibility {unknown}
 q - a potion of brilliance {unknown}
Books
 e - a book of Geomancy

   Spells                             Type                      Level
   a - Sandblast                      Earth                        1
   b - Passwall                       Transmutation/Earth          2
   c - Stone Arrow                    Conjuration/Earth            3
   d - Petrify                        Transmutation/Earth          4
   e - Lee's Rapid Deconstruction     Earth                        5
Comestibles
 d - a bread ration
 m - a meat ration


   Skills:
 + Level 0.4 Fighting
 + Level 1.4 Axes
 * Level 2.5 Armour
 + Level 2.1 Dodging
 + Level 2.7 Stealth
 + Level 3.1 Spellcasting
 + Level 1.1 Transmutations
 * Level 4.7 Earth Magic


You had 7 spell levels left.
You knew the following spells:

 Your Spells              Type           Power        Failure   Level  Hunger
a - Sandblast             Erth           ###...       6%          1    #......
b - Passwall              Tmut/Erth      ##........   19%         2    ##.....


Dungeon Overview and Level Annotations

Branches:
Dungeon (2/15)

Altars:
Kikubaaqudgha

Annotations:
D:2 Sigmund


Innate Abilities, Weirdness & Mutations

You cannot be hasted, slowed, berserked, paralysed or teleported.
You can dig through walls and to a lower floor.
Your four strong arms can wield two-handed weapons with a shield.
You have a pair of large antennae on your head. (SInv)


Message History

You're too confused to move!
Sigmund hits you with a scythe.
* * * LOW HITPOINT WARNING * * *
You bump into the rock wall.
You feel less confused. The dart slug bites you.
* * * LOW HITPOINT WARNING * * *
You barely miss Sigmund.
Sigmund is lightly wounded.
You hit the dart slug but do no damage.
Sigmund points at you and mumbles some strange words.
The puff of flame hits you!
* * * LOW HITPOINT WARNING * * *
The dart slug barely misses you.
You barely miss Sigmund.
Sigmund is lightly wounded.
You hit the dart slug.
Sigmund gestures wildly while chanting.
Sigmund flickers and vanishes for a moment.
The dart slug bites you.
You die...

#..#.⌠.#..# #.#.#.#.#.#
##.⌠.#.⌠.## ##.....##
############'''#########
...............[........
################.#.....
..#####w# ... #.....@@#
. #########


You could see Sigmund (invisible) and a dart slug.

Vanquished Creatures
  2 vampire bats (D:2)
  Terence (D:2)
  An adder (D:2)
  2 dart slugs (D:1)
  3 bat skeletons (D:2)
  3 bat zombies (D:2)
  2 giant cockroaches (D:1)
  3 goblins (D:1)
  5 hobgoblins (D:1)
  6 jackals (D:1)
  4 bats (D:1)
  4 frilled lizards (D:1)
  A kobold (D:1)
  3 rats (D:1)
40 creatures vanquished.

Notes
Turn   | Place    | Note
-------+----------+-------------------------------------------
     0 | D:1      | Thyosulf the Formicid Earth Elementalist began the quest for the Orb.
     0 | D:1      | Reached XP level 1. HP: 13/13 MP: 3/3
     1 | D:1      | Noticed a naga
     1 | D:1      | Noticed a vampire
     3 | D:1      | Noticed an elf
     3 | D:1      | Noticed a minotaur zombie
     5 | D:1      | Noticed a naga
     6 | D:1      | Noticed a vampire
    12 | D:1      | Noticed a minotaur skeleton
   347 | D:1      | Reached skill level 4 in Earth Magic
   347 | D:1      | Reached XP level 2. HP: 19/19 MP: 5/5
   351 | D:1      | Learned a level 2 spell: Passwall
   807 | D:1      | Reached XP level 3. HP: 21/24 MP: 4/6
  1255 | D:2      | Noticed Terence
  1280 | D:2      | Killed Terence
  1280 | D:2      | Reached XP level 4. HP: 4/30 MP: 0/8
  1658 | D:2      | Reached skill level 1 in Armour
  1806 | D:2      | Found an ancient bone altar of Kikubaaqudgha.
  1813 | D:2      | Reached skill level 1 in Axes
  1813 | D:2      | Reached XP level 5. HP: 30/35 MP: 7/9
  1874 | D:2      | Noticed Sigmund
  1886 | D:2      | Slain by a dart slug

Skill      XL: |  1  2  3  4  5 |
---------------+----------------+-----
Earth Magic    | 4 |  4.7
Dodging        | 2 |  2.1
Armour         | 1 2 |  2.5
Axes           | 1 |  1.4
Spellcasting   | 3 |  3.1
Fighting       | |  0.4
Stealth        | |  2.7
Transmutations | |  1.1

Action                   |  1- 3 |  4- 6 || total
-------------------------+-------+-------++-------
Melee: Unarmed           |    74 |       ||    74
       Hand axe          |    55 |    40 ||    95
Throw: Stone             |     1 |       ||     1
 Cast: Sandblast         |    30 |     4 ||    34
 Stab: Sleeping          |     1 |       ||     1
  Eat: Chunk             |     2 |     1 ||     3
Armor: Robe              |    24 |       ||    24
       Ring mail         |    24 |    39 ||    63
Dodge: Dodged            |    97 |    53 ||   150
